 Dungeon Crawl Stone Soup version 0.21.1-1-g345015f (webtiles) character file.

3231 Kandryn the Basher (level 9, -26/133 HPs)
             Began as a Troll Berserker on June 19, 2018.
             Was a High Priest of Trog.
             Annihilated by an orc warlord
             ... wielding a +1 war axe of venom
              (44 damage)
             ... in a bailey.
             The game lasted 00:45:24 (6131 turns).

Kandryn the Basher (Troll Berserker)                Turns: 6131, Time: 00:45:24

Health: -26/133    AC:  8    Str: 35    XL:     9   Next: 66%
Magic:  8/8        EV: 12    Int:  5    God:    Trog [*****.]
Gold:   155        SH:  0    Dex:  9    Spells: 8/8 levels left

rFire    . . .     SeeInvis .   a - +3 mace
rCold    . . .     Gourm    +   (no shield)
rNeg     . . .     Faith    .   k - +0 robe
rPois    .         Spirit   .   (helmet restricted)
rElec    .         Reflect  .   s - +2 cloak {MR+}
rCorr    .         Harm     .   (gloves unavailable)
MR       +....                  (boots unavailable)
Stlth    ..........             y - amulet of magic regeneration
HPRegen  0.72/turn              g - ring of wizardry
MPRegen  0.36/turn              o - ring of wizardry

@: berserking, lethally poisoned (-26 -> -32), very quick
A: large, unfitting armour, claws 3, talons 1, clever 1, fast metabolism 3,
gourmand, regeneration 1, shaggy fur 1, tough skin 2
a: Berserk, Trog's Hand, Brothers in Arms, Burn Spellbooks, Renounce Religion


You were in a bailey.
You worshipped Trog.
Trog was extremely pleased with you.
You were very full.

You visited 2 branches of the dungeon, and saw 8 of its levels.
You also visited: Bailey.

You collected 342 gold pieces.
You spent 187 gold pieces at shops.

Inventory:

Hand Weapons
 a - a +3 mace (weapon)
 d - a +0 club of chaos
 m - a +1 vampiric short sword
 n - a +1 club of chaos
Armour
 b - a +0 animal skin
 k - a +0 robe (worn)
 p - a +0 robe
 s - a +2 cloak of magic resistance (worn)
Jewellery
 g - a ring of wizardry (left claw)
 o - a ring of wizardry (right claw)
 y - an amulet of magic regeneration (around neck)
Wands
 e - a wand of disintegration (5)
 t - a wand of digging (7)
 w - a wand of random effects (22)
 E - a wand of clouds (4)
Scrolls
 f - 2 scrolls of immolation
 i - 6 scrolls of identify
 q - 6 scrolls of remove curse
 r - 3 scrolls of fog
 x - a scroll of blinking
 A - a scroll of enchant armour
 G - a scroll of fear
 J - 3 scrolls of teleportation
Potions
 h - a potion of magic
 j - 2 potions of invisibility
 l - a potion of lignification {unknown}
 u - 3 potions of might
 v - a potion of haste {unknown}
 z - 4 potions of curing
 B - 2 potions of brilliance {unknown}
 D - 3 potions of heal wounds
 I - a potion of agility {unknown}
Books
 C - a book of Cantrips

   Spells                             Type                      Level
   a - Confusing Touch                Hexes                        1
   b - Animate Skeleton               Necromancy                   1
   c - Summon Small Mammal            Summoning                    1
   d - Apportation                    Translocation                1
   Trog disapproves of the use of such an item.
 F - a book of Battle

   Spells                             Type                      Level
   a - Infusion                       Charms                       1
   b - Shroud of Golubria             Charms/Translocation         2
   c - Song of Slaying                Charms                       2
   d - Spectral Weapon                Hexes/Charms                 3
   e - Regeneration                   Charms/Necromancy            3
   Trog disapproves of the use of such an item.
Comestibles
 c - 15 rations


   Skills:
 + Level 5.9 Fighting
 + Level 9.3 Maces & Flails
 + Level 6.2 Dodging
 - Level 1.1 Stealth
 + Level 0.1 Evocations


You had 8 spell levels left.
You didn't know any spells.

Dungeon Overview and Level Annotations

Branches:
Dungeon (7/15)             Temple (1/1) D:6

Altars:
Ashenzari
Cheibriados
Dithmenos
Elyvilon
Fedhas
Gozag
Hepliaklqana
Kikubaaqudgha
Makhleb
Nemelex Xobeh
Okawaru
Qazlal
Ru
Sif Muna
Trog
Uskayaw
Wu Jian
Xom
Yredelemnul
Zin
The Shining One

Shops:
D:5 [


Innate Abilities, Weirdness & Mutations

You are too large for most types of armour.
You have claws for hands.
Your metabolism is lightning-fast.
You like to eat raw meat.
Your natural rate of healing is unusually fast.
You are covered in fur. (AC +1)
You have very tough skin. (AC +2)
You have sharp toenails.
Your mind is acute. (Int +2)


Message History

The orc warrior hits you with a hand axe.
The orc warlord hits you with a war axe of venom!!
You are poisoned.
You barely miss the orc warlord. You claw the orc warlord!
The orc warlord is lightly wounded.
You feel sick.
You thump the orc warlord!
The orc warlord is moderately wounded.
You feel sick.
The orc warlord hits you with a war axe of venom!!!
* * * LOW HITPOINT WARNING * * *
You are more poisoned.
You sock the orc warlord! You claw the orc warlord!
The orc warlord is heavily wounded.
You feel sick.
You bludgeon the orc warlord!! Your kick misses the orc warlord.
The orc warlord is severely wounded.
You feel sick.
The orc warlord hits you with a war axe of venom!!!
You die...

.# ..g.o##8..........#
.# .....o#8..........#
.# ..o.ogoo....⌠....∩#
.# ....g.#8..........#
.# ...g. #8..........#
### ...o ###.oo......##
#.###
.o.###.###oog..###
....###.###.....#o#.###
......###.......@o###
.......#...........#
.......#...........#
.⌠.....#.....⌠.....#
.......))..........#
.......#...........#
......###.........##
....### ###.....###
#.### ###.###


You could see an orc warlord, an orc knight, 3 orc warriors and a hobgoblin.

Vanquished Creatures
  An orc knight (Bailey)
  Sigmund (D:2)
  A phantom (D:4)
  A sky beast (D:5)
  7 orc warriors
  An ice beast (D:7)
  3 bullfrogs
  An elf skeleton (D:5)
  4 scorpions (D:5)
  2 howler monkeys
  2 crimson imps (D:5)
  3 bullfrog zombies
  A human zombie (D:5)
  An orc priest (D:7)
  A centaur skeleton (D:5)
  5 hounds
  A jelly (D:6)
  3 orc wizards (D:7)
  4 human skeletons (D:5)
  An iguana (D:6)
  3 worker ants
  2 hound zombies
  22 gnolls
  6 adders
  An ooze (shapeshifter) (D:5)
  2 worms (D:2)
  5 leopard geckos
  33 orcs
  5 giant cockroaches
  18 hobgoblins
  10 jackals
  2 quokkas
  4 ball pythons
  8 bats
  5 frilled lizards
  22 goblins
  A jackal skeleton (D:5)
  6 kobolds
  A leopard gecko zombie (D:5)
  11 rats
211 creatures vanquished.

Notes
Turn   | Place    | Note
-------+----------+-------------------------------------------
     0 | D:1      | Kandryn the Troll Berserker began the quest for the Orb.
     0 | D:1      | Reached XP level 1. HP: 22/22 MP: 0/0
   362 | D:1      | Reached skill level 3 in Maces & Flails
   362 | D:1      | Reached XP level 2. HP: 18/29 MP: 1/1
   755 | D:2      | Reached XP level 3. HP: 36/36 MP: 2/2
   765 | D:2      | Reached ** piety under Trog
  1022 | D:2      | Found a glowing silver altar of Zin.
  1051 | D:2      | Noticed Sigmund
  1057 | D:2      | Killed Sigmund
  1057 | D:2      | Reached skill level 4 in Maces & Flails
  1057 | D:2      | Reached XP level 4. HP: 39/45 MP: 3/3
  1057 | D:2      | Reached XP level 5. HP: 46/53 MP: 4/4
  1077 | D:2      | Gained mutation: Your mind is acute. (Int +2) [potion of mutation]
  1077 | D:2      | Gained mutation: You have sharp toenails. [potion of mutation]
  1492 | D:3      | Found a shimmering altar of Xom.
  1583 | D:3      | Reached XP level 6. HP: 61/61 MP: 5/5
  1929 | D:3      | Found a deep blue altar of Sif Muna.
  2298 | D:4      | Reached skill level 5 in Maces & Flails
  2328 | D:4      | Found a blossoming altar of Fedhas.
  2539 | D:4      | HP: 3/61 [gnoll/halberd (11)]
  2543 | D:4      | Found a shadowy altar of Dithmenos.
  2589 | D:5      | Entered Level 5 of the Dungeon
  2589 | D:5      | Found Laizazuit's Antique Armour Shop.
  2648 | D:5      | Reached XP level 7. HP: 55/67 MP: 6/6
  2692 | D:4      | Reached *** piety under Trog
  3097 | D:5      | Bought an embroidered cloak for 187 gold pieces
  3249 | D:5      | Reached skill level 1 in Stealth
  3504 | D:5      | Reached skill level 6 in Maces & Flails
  3623 | D:5      | Reached skill level 5 in Dodging
  3623 | D:5      | Reached XP level 8. HP: 62/78 MP: 7/7
  3698 | D:5      | Reached **** piety under Trog
  4529 | D:6      | Found a deep blue altar of Sif Muna.
  4530 | D:6      | Found an iron altar of Okawaru.
  4532 | D:6      | Found a sparkling altar of Nemelex Xobeh.
  4560 | D:6      | Found a white marble altar of Elyvilon.
  4560 | D:6      | Found a snail-covered altar of Cheibriados.
  4572 | D:6      | Found an ancient bone altar of Kikubaaqudgha.
  4764 | D:6      | Found a staircase to the Ecumenical Temple.
  4776 | Temple   | Entered the Ecumenical Temple
  5122 | D:7      | Found a glowing golden altar of the Shining One.
  5259 | D:7      | Reached skill level 7 in Maces & Flails
  5264 | D:7      | Reached skill level 5 in Fighting
  5566 | D:7      | Reached XP level 9. HP: 35/88 MP: 8/8
  5569 | D:7      | Reached ***** piety under Trog
  5620 | D:7      | Found a flagged portal.
  5655 | Bailey   | Entered a bailey
  5685 | Bailey   | Received a gift from Trog
  5796 | Bailey   | Noticed an orc knight
  5812 | Bailey   | Killed an orc knight
  5812 | Bailey   | Reached skill level 8 in Maces & Flails
  5921 | Bailey   | Reached skill level 9 in Maces & Flails
  6103 | Bailey   | Noticed an orc knight
  6103 | Bailey   | Noticed an orc warlord
  6131 | Bailey   | Annihilated by an orc warlord

Skill      XL: |  1  2  3  4  5  6  7  8  9 |
---------------+----------------------------+-----
Maces & Flails | 3 4 5 6 7 9 |  9.3
Dodging        | 3 4 5 6 |  6.2
Fighting       | 3 4 5 |  5.9
Stealth        | 1 |  1.1
Evocations     | |  0.1

Action                   |  1- 3 |  4- 6 |  7- 9 || total
-------------------------+-------+-------+-------++-------
Melee: Mace              |   133 |    21 |   275 ||   429
       Kick              |       |    33 |   144 ||   177
       Club              |       |    85 |   245 ||   330
Invok: Berserk           |     1 |       |     2 ||     3
Evoke: Wand              |       |       |     1 ||     1
  Use: Scroll            |     4 |     8 |     5 ||    17
       Potion            |     1 |     4 |     2 ||     7
 Stab: Paralysed         |       |     1 |     1 ||     2
       Invisible         |       |       |     3 ||     3
       Sleeping          |       |       |     4 ||     4
       Confused          |       |       |     1 ||     1
       Distracted        |       |       |     1 ||     1
  Eat: Chunk             |    16 |    10 |    38 ||    64
Armor: Animal skin       |    78 |       |       ||    78
       Robe              |       |    34 |   143 ||   177
Dodge: Dodged            |   101 |    62 |   232 ||   395
